AoeStats
← Armitte

Black Forest

508721867Analyzed
4v4 RM · 8d ago on Sep 23, 2026· 30m 58s· 8 players
Game mode
Random Map
Map size
Large (8 player)
Population
200
Speed
Normal
Resources
Standard
Victory
Conquest
Starting age
Dark Age
Ending age
Imperial Age
RankedLock teamsTeams togetherTeam positionsShared explorationLock speedFull tech treeHidden civsTurbo modeCheats
Victory
Defeat
🇬🇧 Saxons · United Kingdom
1745
+11
🇩🇪 Turks · Germany
1679
+13
🇸🇮 Danes · Slovenia
1620
+16
🇪🇸 Ethiopians · Spain
1548
+19
🇩🇪 Dravidians · Germany
1679
-17
🇫🇮 Teutons · Finland
1668
-17
🇭🇰 Bohemians · Hong Kong SAR China
1589
-13
🇹🇼 Celts · Taiwan
1543
-12
A spoon full of love
11:44 Feudal Age
12:53 Double-Bit Axe
12:49 Horse Collar
15:13 Castle Age
15:54 Loom
16:16 Heavy Plow
16:28 Bow Saw
20:49 Scale Mail Armor
21:49 Chain Mail Armor
28:32 Forging
Noble
10:50 Feudal Age
11:33 Double-Bit Axe
14:30 Castle Age
12:14 Horse Collar
15:23 Bow Saw
18:13 Heavy Plow
22:39 Wheelbarrow
24:14 Gold Mining
25:17 Hand Cart
29:24 Imperial Age
27:07 Treadmill Crane
27:54 Scale Mail Armor
28:05 Forging
29:35 Chain Mail Armor
29:13 Town Watch
29:13 Loom
30:12 Gold Shaft Mining
29:28 Stone Mining
29:30 Onager
30:31 Conscription
31:11 Two-Man Saw
30:04 Elite Varangian Guard
30:45 Squires
30:36 Arson
31:22 Plate Mail Armor
Nobody
2:01 Loom
11:29 Feudal Age
14:29 Double-Bit Axe
23:42 Castle Age
22:19 Town Watch
22:39 Horse Collar
25:00 Heavy Plow
27:06 Fortified Wall
27:11 Bow Saw
31:36 Wheelbarrow
Armitte
1:03 Loom
11:44 Feudal Age
16:04 Castle Age
14:38 Double-Bit Axe
15:09 Horse Collar
17:03 Bow Saw
mochichi4
0:38 Loom
13:25 Feudal Age
18:29 Castle Age
16:55 Double-Bit Axe
19:34 Bow Saw
19:18 Horse Collar
21:55 Town Watch
25:19 Wheelbarrow
28:05 Chemistry
JINJIN
4:41 Loom
11:00 Feudal Age
15:02 Castle Age
12:48 Double-Bit Axe
13:21 Gold Mining
16:14 Bow Saw
16:54 Wheelbarrow
20:29 Ballistics
27:36 Horse Collar
27:48 Stone Mining
29:22 Heavy Plow
DJ Pesto
7:32 Loom
9:45 Feudal Age
10:19 Double-Bit Axe
10:15 Horse Collar
18:01 Forging
20:20 Castle Age
18:57 Scale Barding Armor
19:25 Fletching
21:32 Bow Saw
21:23 Heavy Plow
21:05 Light Cavalry
22:47 Wheelbarrow
26:12 Husbandry
30:16 Bodkin Arrow
33:06 Imperial Age
30:40 Padded Archer Armor
Sunset
0:47 Loom
9:23 Feudal Age
9:25 Man-at-Arms
18:19 Double-Bit Axe
18:48 Fletching
20:01 Horse Collar
25:02 Castle Age
23:32 Gold Mining
23:48 Stone Mining
29:15 Imperial Age
30:05 Sanctity
30:17 Redemption
Connection lost

Rejoining the realm…

Still unreachable

The connection could not be restored.

Session expired

The server has moved on; the page needs a fresh start.